 Dungeon Crawl Stone Soup version 0.28.0-53-g5a82cb258f (webtiles) character file.

Game seed: 13773135249979290329

105 Infernotoast the Chopper (level 4, -2/41 HPs)
             Began as a Minotaur Berserker on July 25, 2022.
             Was a Believer of Trog.
             Slain by a goblin
             ... wielding a +0 club
             ... led by Robin
              (6 damage)
             ... on level 3 of the Dungeon.
             The game lasted 00:10:26 (1640 turns).

Infernotoast the Chopper (Minotaur Berserker)       Turns: 1640, Time: 00:10:26

Health: -2/41      AC:  5    Str: 24    XL:     4   Next: 53%
Magic:  3/3        EV: 11    Int:  4    God:    Trog [**....]
Gold:   79         SH:  0    Dex:  9    Spells: 3/3 levels left

rFire   . . .      SeeInvis .   a - +0 hand axe (freeze)
rCold   . . .      Faith    .   (no shield)
rNeg    . . .      Spirit   .   e - +0 ring mail
rPois   .          Reflect  .   (helmet restricted)
rElec   .          Harm     .   (no cloak)
rCorr   .          Rampage  .   (no gloves)
Will    .....                   (no boots)
Stlth   ..........              (no amulet)
HPRegen 0.13/turn               (no ring)
MPRegen 0.08/turn               (no ring)

@: no status effects
A: horns 2, retaliatory headbutt
a: Renounce Religion, Berserk, Trog's Hand


You were on level 3 of the Dungeon.
You worshipped Trog.
Trog was pleased with you.
You visited 1 branch of the dungeon, and saw 3 of its levels.

You collected 79 gold pieces.

Inventory:

Hand Weapons
 a - a +0 hand axe of freezing (weapon)
Missiles
 d - 2 throwing nets (quivered)
Armour
 e - a +0 ring mail (worn)
Scrolls
 b - 2 scrolls of fog {unknown}
 c - a scroll of teleportation {unknown}


   Skills:
 + Level 4.8 Fighting
 + Level 5.0 Axes
 + Level 3.1 Armour
 + Level 2.6 Dodging
 + Level 0.1 Stealth


You had 3 spell levels left.
You didn't know any spells.
Your spell library was empty.

Dungeon Overview and Level Annotations

Branches:
Dungeon (3/15)

Altars:
Qazlal

Annotations:
D:3 Robin


Innate Abilities, Weirdness & Mutations

You have a pair of horns on your head.
You reflexively headbutt those who attack you in melee.


Message History

Robin hits you from afar with a +0 spear.
You closely miss the hobgoblin. You headbutt the hobgoblin.
You kill the hobgoblin!
Trog accepts your kill.
You hit the goblin. You freeze the goblin.
You kill the goblin!
Trog accepts your kill.
Robin hits you from afar with a +0 spear.
You closely miss the hobgoblin. Your headbutt misses the hobgoblin.
You feel the effects of Trog's Hand fading.
The hobgoblin hits you. Robin throws the goblin at you!
A goblin comes into view. It is wielding a +0 club.
You closely miss the goblin. You hit the hobgoblin. You freeze the hobgoblin.
The hobgoblin barely misses you. The goblin hits you with a +0 dagger.
Robin hits you from afar with a +0 spear.
You closely miss the goblin. You hit the hobgoblin. You freeze the hobgoblin.
You kill the hobgoblin!
Trog accepts your kill. The goblin hits you but does no damage.
Robin hits you from afar with a +0 spear.
You barely miss the goblin. Your headbutt misses the goblin.
The goblin hits you with a +0 dagger.
* * * LOW HITPOINT WARNING * * *
You hit the goblin but do no damage. The goblin closely misses you.
Robin hits you but does no damage.
You slash the goblin! You freeze the goblin.
You kill the goblin!
Trog accepts your kill.
Your skin stops crawling.
You feel less strong-willed. Robin throws the goblin at you!
You closely miss the goblin. The goblin hits you with a +0 club.
* * * LOW HITPOINT WARNING * * *
Robin hits you but does no damage.
You barely miss the goblin. The goblin closely misses you.
Robin hits you but does no damage. The goblin hits you with a +0 club.
* * * LOW HITPOINT WARNING * * *
You hit the goblin but do no damage. Robin hits you but does no damage.
A goblin comes into view. It is wielding a +0 club.
The goblin hits you with a +0 club.
You die... ############## #............# ##### #g##########.# # ...###@# #.....<..# ggg

#.#.#(#
#.#####†.#
g.#..###gg.g)#
#..#
#.g.........#
#..#
###.###.g..##
#..# #....##
...# #.###.#
##.# #. #...
#.# # #.###


You could see Robin and 2 goblins.

Vanquished Creatures
  4 gnolls (D:2)
  An adder (D:2)
  A worm (D:2)
  A dart slug (D:1)
  2 endoplasms (D:1)
  6 giant cockroaches
  11 goblins
  5 hobgoblins
  5 quokkas
  2 ball pythons
  2 bats (D:1)
  2 frilled lizards (D:1)
  3 kobolds (D:1)
  4 rats
49 creatures vanquished.

Vanquished Creatures (others)
  3 plants
3 creatures vanquished.

Grand Total: 52 creatures vanquished

Notes
Turn   | Place    | Note
-------+----------+-------------------------------------------
     0 | D:1      | Infernotoast the Minotaur Berserker began the quest for the
                  | Orb.
     0 | D:1      | Reached XP level 1. HP: 19/19 MP: 0/0
   170 | D:1      | Reached XP level 2. HP: 19/27 MP: 1/1
   274 | D:1      | Reached skill level 4 in Axes
   839 | D:2      | Reached XP level 3. HP: 33/33 MP: 2/2
   893 | D:2      | Reached ** piety under Trog
  1063 | D:2      | Reached XP level 4. HP: 26/41 MP: 3/3
  1226 | D:2      | Found a stormy altar of Qazlal.
  1480 | D:2      | Found a faded altar of an unknown god.
  1603 | D:3      | Noticed Robin
  1621 | D:3      | Reached skill level 5 in Axes
  1640 | D:3      | Slain by a goblin

Illustrated notes

Levels and vault maps discovered:
D:1:      sevenhm_arrival_forest_fort_large_4, layout_basic
D:2:      layout_basic, shapermc_ecumenical_altar_petra, basic_altar,
          nicolae_grassy_gnolls
D:3:      layout_loops_ring, uniq_robin

Skill      XL: |  1  2  3  4 |
---------------+-------------+-----
Fighting       | 4 |  4.8
Axes           | 4 5 |  5.0
Armour         | 3 |  3.1
Dodging        | |  2.6
Stealth        | |  0.1

Action                   |  1- 3 |  4- 6 || total
-------------------------+-------+-------++-------
Melee: Hand axe          |    66 |    42 ||   108
       Headbutt          |    10 |     5 ||    15
       Punch             |       |     2 ||     2
Invok: Trog's Hand       |       |     2 ||     2
  Use: Scroll            |     3 |       ||     3
       Potion            |     2 |       ||     2
Armor: Animal skin       |     5 |       ||     5
       Ring mail         |     1 |    18 ||    19
       Leather armour    |     1 |       ||     1
Dodge: Dodged            |    28 |    19 ||    47
